 Dungeon Crawl Stone Soup version 0.20-a0-270-g8e735b6 (console) character file.

199 paul the Conjurer (level 5, -2/42 HPs)
             Began as a Deep Elf Conjurer on Dec 10, 2016.
             Killed by divine providence
             ... invoked by an orc priest
              (15 damage)
             ... on level 4 of the Dungeon.
             The game lasted 00:09:50 (4108 turns).

paul the Conjurer (Deep Elf Conjurer)               Turns: 4108, Time: 00:09:51

Health: -2/42      AC: 22    Str:  5    XL:     5   Next: 48%
Magic:  1/11       EV:  2    Int: 21    God:
Gold:   183        SH:  0    Dex: 17    Spells: 2/10 levels left

rFire  . . .     SeeInvis .     g - +1 dagger
rCold  . . .     Gourm    .     (armour currently unavailable)
rNeg   + + +     Faith    .     (no shield)
rPois  +         Spirit   .     (helmet currently unavailable)
rElec  .         Reflect  .     (cloak currently unavailable)
rCorr  .         Harm     .     (gloves currently unavailable)
MR     .....     NoTele   +     (boots currently unavailable)
Stlth  ++........               (no amulet)
                                l - ring of wizardry
                                (no ring)

@: lethally poisoned (-2 -> -11), tree-form
A: agile 1
a: no special abilities


You were on level 4 of the Dungeon.
You were hungry.
You were a tree.
You visited 1 branch of the dungeon, and saw 4 of its levels.

You collected 183 gold pieces.

Inventory:

Hand Weapons
 g - a +1 dagger (weapon)
Armour
 a - a +0 helmet (melded)
 n - a +1 animal skin (melded)
Jewellery
 l - a ring of wizardry (right branch)
Scrolls
 f - a scroll of teleportation
 o - a scroll of recharging {unknown}
 q - a scroll of noise {unknown}
 r - a scroll of identify
Potions
 e - 2 potions of heal wounds
 h - 2 potions of agility
 i - a potion of flight {unknown}
 j - a potion of curing {unknown}
 k - a potion of degeneration {unknown}
 p - a potion of might {unknown}
Books
 b - a book of Conjurations

   Spells                             Type                      Level
   a - Magic Dart                     Conjuration                  1
   b - Searing Ray                    Conjuration                  2
   c - Dazzling Spray                 Conjuration/Hexes            3
   d - Fulminant Prism                Conjuration/Hexes            4
   e - Iskenderun's Mystic Blast      Conjuration                  4
   f - Iskenderun's Battlesphere      Conjuration/Charms           5
Comestibles
 c - 2 bread rations
 m - a beef jerky
 s - a royal jelly


   Skills:
 - Level 2.4 Dodging
 - Level 2.4 Stealth
 - Level 3.0 Spellcasting
 - Level 7.1 Conjurations
 + Level 2.6 Charms


You had 2 spell levels left.
You knew the following spells:

 Your Spells              Type           Power        Failure   Level  Hunger
a - Magic Dart            Conj           ####         1%          1    None
b - Searing Ray           Conj           ####..       1%          2    ##.....
c - Iskenderun's Battles  Conj/Chrm      ###.....     26%         5    ######.


Dungeon Overview and Level Annotations

Branches:
Dungeon (4/15)             Temple (0/1) D:4

Altars:
Gozag
Qazlal
Trog

Annotations:
D:2 Sigmund


Innate Abilities, Weirdness & Mutations

You are agile. (Dex +2)


Message History

Casting: Magic Dart
Confirm with . or Enter, or press ? or * to list all spells.
Aiming: Magic Dart
Press: ? - help, Shift-Dir - straight line The magic dart hits something.
Reactivating autopickup.
Your Charms skill increases to level 2!
You feel a bit more experienced.
You feel sick. The orc hits you but does no damage.
You hit the orc but do no damage.
You feel sick. The orc hits you but does no damage.
The orc priest looks satisfied for a moment.
The orc hits you with a club.
An orc comes into view. It is wielding a dagger.
You hit the orc but do no damage.
You feel sick. The orc hits you but does no damage. x2
You barely miss the orc.
You feel sick. The orc hits you but does no damage.
The orc priest invokes the aid of Beogh against you.
Beogh smites you! The orc hits you but does no damage.
You hit the orc but do no damage.
You feel sick.
The orc priest mumbles some strange prayers to Beogh against you.
Beogh smites you!
You die...

############ .o)..).....# #.# #o# #.# #.#
#o# #.# #.###o# #.# #..o♣)# #. #### ###
#.# #+## #..#### #. .... ..# ##.##
##...## #..#####.# #.. ..# #.# #...#
##.....## #........# ##.. #.# #.# #.#.##
##.......## ##.#######
##...##.###.###....####.........####...##
......................'.........+.......#
............####...####.........####...##
##.#.#(##### #..## ##.......# ##..# #.
#.#.# #.## ##.....## ##.# #. ##.#.# #.#
##...## #.# .. #....# #.# ##'## #.#
#.###..### #.. #.# ##### #.# ...##..# #.#
#...####.# #..##..# ##.###........#
#......# ##...##...###### ##.##.##
.#.....##.## #.##.# ...........># ##.##.#
.#.###.###### ......# ... #.# ##.#### ..#
#.# ...# ## #.# #### #.#


You could see an orc priest and 3 orcs.

Vanquished Creatures
  A hound (D:4)
  Terence (D:2)
  An orc wizard (D:4)
  Robin (D:1)
  An adder (D:3)
  An ooze (D:2)
  An adder skeleton (D:4)
  A worm (D:3)
  A leopard gecko (D:4)
  8 orcs
  4 bats
  4 giant cockroaches
  19 goblins
  6 hobgoblins
  2 jackals (D:3)
  2 quokkas
  4 frilled lizards
  12 kobolds
  8 rats
78 creatures vanquished.

Notes
Turn   | Place    | Note
-------+----------+-------------------------------------------
     0 | D:1      | paul the Deep Elf Conjurer began the quest for the Orb.
     0 | D:1      | Reached XP level 1. HP: 10/10 MP: 6/6
   610 | D:1      | Reached XP level 2. HP: 15/15 MP: 5/8
   614 | D:1      | Learned a level 2 spell: Searing Ray
   768 | D:1      | Reached skill level 5 in Conjurations
  1226 | D:2      | Found a bloodstained altar of Trog.
  1229 | D:2      | Noticed Robin
  1348 | D:1      | Killed Robin
  1348 | D:1      | Reached XP level 3. HP: 10/19 MP: 0/9
  1772 | D:2      | Noticed Terence
  1779 | D:2      | Killed Terence
  1779 | D:2      | Reached skill level 6 in Conjurations
  1779 | D:2      | Reached XP level 4. HP: 24/24 MP: 3/10
  1932 | D:2      | Noticed Sigmund
  1936 | D:2      | Gained mutation: You are agile. (Dex +2) [potion of beneficial mutation]
  2410 | D:3      | Found an opulent altar of Gozag.
  2609 | D:3      | Found a stormy altar of Qazlal.
  3422 | D:4      | Found a staircase to the Ecumenical Temple.
  3491 | D:4      | Reached skill level 7 in Conjurations
  3491 | D:4      | Reached XP level 5. HP: 28/28 MP: 6/11
  3646 | D:4      | Learned a level 5 spell: Iskenderun's Battlesphere
  4080 | D:4      | Reached skill level 1 in Charms
  4108 | D:4      | Killed from afar by an orc priest

Vault maps used:
D:1:      shiori_arrival_oz
D:2:      nicolae_overflow_hidden_temple, lemuel_another_geyser, uniq_terence,
          uniq_sigmund, uniq_robin
D:3:      kennysheep_the_goblin_king, lemuel_round_altar,
          nicolae_qazlal_eye_of_the_storm, minmay_fountain_box,
          small_statue_intersection
D:4:      serial_shops, nicolae_shop_overgrown_old_shop, first_bread

Skill      XL: |  1  2  3  4  5 |
---------------+----------------+-----
Conjurations   | 5 6 7 |  7.1
Charms         | 2 |  2.6
Dodging        | |  2.4
Stealth        | |  2.4
Spellcasting   | |  3.0

Action                   |  1- 3 |  4- 6 || total
-------------------------+-------+-------++-------
Melee: Dagger            |     2 |     8 ||    10
 Cast: Magic Dart        |    46 |    90 ||   136
       Searing Ray       |     3 |     4 ||     7
  Use: Scroll            |     6 |     3 ||     9
       Potion            |     1 |     4 ||     5
  Eat: Chunk             |     3 |     1 ||     4
       Meat ration       |       |     1 ||     1
Armor: Robe              |     2 |       ||     2
       Animal skin       |       |     6 ||     6
       Skin              |       |    11 ||    11
Dodge: Dodged            |     8 |    10 ||    18
